 Dungeon Crawl Stone Soup version 0.28-a0-224-g76b539d98b (webtiles) character file.

Game seed: 5484404759196664905

20557 timneilson the Blocker (level 12, -5/74 (75) HPs)
             Began as a Gargoyle Fighter on Aug 21, 2021.
             Was a High Priest of Okawaru.
             Slain by a hellwing (9 damage)
             ... summoned by an orc sorcerer
             ... led by an orc knight
             ... while paralysed by an orc sorcerer
             ... on level 1 of the Orcish Mines on Aug 22, 2021.
             The game lasted 00:38:34 (14909 turns).

timneilson the Blocker (Gargoyle Fighter)          Turns: 14909, Time: 00:38:34

HP:   -5/74 (75)    AC: 28    Str: 28    XL:     12   Next: 80%
MP:   11/16         EV:  2    Int:  9    God:    Okawaru [*****.]
Gold: 923           SH:  0    Dex:  9    Spells: 11/11 levels left

rFire   . . .      SeeInvis .   z - +0 scimitar
rCold   . . .      Faith    .   w - +1 tower shield {rN+}
rNeg    + + .      Spirit   .   y - +0 plate armour
rPois   ∞          Reflect  .   l - +0 helmet
rElec   +          Harm     .   (no cloak)
rCorr   +          Rampage  .   c - +1 pair of gloves {archery}
Will    +....                   B - +0 pair of boots
Stlth   ..........              C - amulet of the Screaming Pariah {Regen+ rCorr Str+3 Stlth-}
HPRegen 1.22/turn               f - ring of willpower
MPRegen 0.15/turn               a - ring of resist corrosion

@: paralysed, heroic, finesse-ful, corroded, unable to read, lightly drained
A: sickness immunity, AC +8, negative energy resistance 1, electricity
resistance, torment resistance 1, petrification resistance, inability to read
while threatened
a: Renounce Religion, Heroism, Finesse, Duel


You were on level 1 of the Orcish Mines.
You worshipped Okawaru.
Okawaru was extremely pleased with you.
You visited 4 branches of the dungeon, and saw 15 of its levels.
You also visited: Sewer.

You collected 923 gold pieces.

Inventory:

Hand Weapons
 k - a +1 long sword of venom
 z - a +0 scimitar (weapon)
Armour
 c - a +1 pair of gloves of archery (worn)
 l - a +0 helmet (worn)
 w - a +1 tower shield of positive energy (worn)
 y - a +0 plate armour (worn)
 B - a +0 pair of boots (worn)
Jewellery
 a - a ring of resist corrosion (right hand)
 f - a ring of willpower (left hand)
 u - a ring of fire
 v - a ring of flight
 C - the amulet of the Screaming Pariah (around neck) {Regen+ rCorr Str+3 Stlth-}
   (You acquired it on level 11 of the Dungeon)

   [amulet of regeneration]

   Str:       It affects your strength (+3).
   Regen:     It increases your rate of health regeneration.
   rCorr:     It protects you from acid and corrosion.
   Stlth:     It makes you less stealthy.
Wands
 d - a wand of flame (42)
 x - a wand of polymorph (26)
 A - a wand of mindburst (10)
Scrolls
 b - a scroll of fear
 o - 9 scrolls of teleportation
 p - 9 scrolls of enchant armour
 q - 6 scrolls of identify
Potions
 e - a potion of resistance
 g - 4 potions of mutation
 h - 2 potions of cancellation
 j - 3 potions of lignification
 m - 4 potions of attraction
 n - 3 potions of brilliance
 r - 2 potions of flight
 s - 9 potions of curing
 t - a potion of haste


   Skills:
 + Level 8.7(13.7) Fighting
 * Level 9.6(14.6) Long Blades
 * Level 11.5(16.5) Armour
 * Level 11.5(16.5) Shields
 + Level 6.6 Invocations
 + Level 5.4 Evocations


You had 11 spell levels left.
You didn't know any spells.
Your spell library contained the following spells:

 Spells                   Type           Power      Damage    Failure   Level
 Freeze                   Ice            0%         1d3       100%        1
 Magic Dart               Conj           0%         1d3       100%        1
 Pain                     Necr           0%         1d4       100%        1
 Sandblast                Erth           0%         2d4       100%        1
 Passwall                 Tmut/Erth      0%         N/A       100%        2
 Searing Ray              Conj           0%         3d3       100%        2
 Static Discharge         Conj/Air       0%         N/A       100%        2
 Conjure Flame            Conj/Fire      0%         6-21      100%        3
 Frozen Ramparts          Ice            0%         1d2       100%        3
 Ignite Poison            Fire/Tmut/Pois 0%         N/A       100%        3
 Mephitic Cloud           Conj/Pois/Air  0%         N/A       100%        3
 Portal Projectile        Hex/Tloc       0%         N/A       100%        3
 Vampiric Draining        Necr           0%         2d6       100%        3
 Fulminant Prism          Conj/Hex       0%         3d6       100%        4
 Hailstorm                Conj/Ice       0%         3d3       100%        4
 Sticky Flame             Conj/Fire      0%         2d3       100%        4
 Alistair's Intoxication  Tmut/Pois      0%         N/A       100%        5
 Blade Hands              Tmut           0%         N/A       100%        5
 Borgnjor's Vile Clutch   Necr/Erth      0%         N/A       100%        5
 Excruciating Wounds      Necr           0%         N/A       100%        5
 Freezing Cloud           Conj/Ice/Air   0%         6-21      100%        5
 Irradiate                Conj/Tmut      0%         3d14      100%        5
 Lee's Rapid Deconstruct  Erth           0%         3d5*      100%        5
 Eringya's Noxious Bog    Tmut/Pois      0%         N/A       100%        6
 Dragon Form              Tmut           0%         N/A       100%        7
 Animate Skeleton         Necr           Unusable   N/A       N/A         1
 Call Imp                 Summ           Unusable   N/A       N/A         2
 Summon Guardian Golem    Hex/Summ       Unusable   N/A       N/A         3

Dungeon Overview and Level Annotations

Branches:
Dungeon (12/15)            Temple (1/1) D:6            Lair (1/6) D:9
    Orc (1/2) D:9           Sewer (visited)

Altars:
Ashenzari
Cheibriados
Dithmenos
Elyvilon
Fedhas
Gozag
Hepliaklqana
Kikubaaqudgha
Makhleb
Nemelex Xobeh
Okawaru
Qazlal
Ru
Sif Muna
Trog
Uskayaw
Vehumet
Wu Jian
Xom
Yredelemnul
Zin
The Shining One
Beogh

Shops:
D:1 =   D:2 :   D:4 (   D:6 :(   D:8 [   Orc:1 **

Annotations:
D:11 2 runed translucent doors, Thraspic's ghost, journeyman GrEE


Innate Abilities, Weirdness & Mutations

You are immune to sickness and miasma.
Your stone body is resilient. (AC +8)
You are immune to poison.
You resist negative energy. (rN+)
You are resistant to electric shocks. (rElec)
You are resistant to unholy torment.
You are immune to petrification.
You sometimes lose the ability to read scrolls when taking damage.


Message History

The orc priest barely misses you.
The orc sorcerer hits you but does no damage.
The rust devil hits you.
The orc priest hits you but does no damage. x2
The neqoxec hits you but does no damage.
The hellwing hits you but does no damage. x2
The orc priest hits you with a +0 hand axe.
The orc sorcerer completely misses you.
The neqoxec disappears in a puff of smoke!
The rust devil hits you.
The orc priest hits you but does no damage. x2
The hellwing hits you.
The hellwing hits you but does no damage.
The orc priest hits you but does no damage.
The orc sorcerer hits you but does no damage.
The rust devil hits you.
The orc priest hits you but does no damage. x2
The hellwing hits you but does no damage.
The hellwing hits you.
* * * LOW HITPOINT WARNING * * *
The orc priest hits you but does no damage.
The orc sorcerer points at you and mumbles some strange words.
The bolt of fire hits you!
* * * LOW HITPOINT WARNING * * *
The bolt of fire hits the orc priest!!
The orc priest dies!
The rust devil hits you.
The orc priest hits you but does no damage.
The hellwing hits you.
* * * LOW HITPOINT WARNING * * *
The hellwing barely misses you. The orc priest barely misses you.
The orc sorcerer casts a spell at you. The bolt of negative energy hits you.
You partially resist.
You feel drained.
* * * LOW HITPOINT WARNING * * *
The rust devil hits you.
The orc priest calls down the wrath of Beogh upon you.
Pain shoots through your body!
* * * LOW HITPOINT WARNING * * *
The hellwing hits you!
You die...

#..............)#).)#).....#
#.............)##...##)....#
#...........>.[(#.....)).#.##
........#......[#.....))####
#......#.......[)......##..###
#..#...##..................##.
..##......................#⌠.
##......oo...(.[[#..####∩.
......o@)....)..####.#⌠.
......4.4......)#..#.##.
.....#................##
.......<..............#.
.##.........[.....##.##)
##...#.........##...))
##.#........####...#.
####.##..### ##...## ###....##
#......


You could see a hellwing (summoned), a rust devil (summoned), an orc sorcerer
and 2 orc priests.

Vanquished Creatures
  An orc warlord (Orc:1)
  A boulder beetle (D:11)
  4 two-headed ogres
  A deep elf pyromancer (D:12)
  2 orc knights
  4 orc sorcerers (Orc:1)
  A manticore (D:11)
  A cane toad (D:9)
  6 kobold demonologists
  6 trolls
  Grinder (D:3)
  Prince Ribbit (D:9)
  14 yaks
  A wyvern (D:10)
  2 vampire mosquitoes (D:12)
  2 wargs (Orc:1)
  An acid dragon (D:9)
  Duvessa (D:4)
  4 water moccasins
  An ice beast (D:8)
  13 orc warriors
  A black bear (D:5)
  Purgy (Sewer)
  2 necrophages (D:6)
  2 centaurs
  2 ogres
  24 kobold brigands
  Blork the orc (D:4)
  3 bullfrogs
  A scorpion (D:5)
  Dowan (D:4)
  4 killer bees
  8 wights
  2 howler monkeys
  2 electric eels (D:10)
  3 centaur zombies
  3 hounds
  2 jellies
  9 orc priests
  A bullfrog skeleton (D:6)
  A gnoll shaman (D:8)
  3 iguanas
  17 orc wizards
  A hound skeleton (D:4)
  Robin (D:3)
  14 gnolls
  7 adders
  A river rat (D:5)
  A shadow imp (D:7)
  A white imp (D:7)
  An adder zombie (D:5)
  An adder skeleton (D:2)
  2 worms
  47 orcs
  4 ball pythons
  5 endoplasms
  2 giant cockroaches
  15 goblins
  10 hobgoblins
  4 jackals
  31 kobolds
  5 quokkas
  6 bats
  7 frilled lizards
  6 rats
333 creatures vanquished.

Vanquished Creatures (others)
  A centaur simulacrum (D:11)
  An orc priest (Orc:1)
  A plant (Lair:1)
3 creatures vanquished.

Grand Total: 336 creatures vanquished

Notes
Turn   | Place    | Note
-------+----------+-------------------------------------------
     0 | D:1      | timneilson the Gargoyle Fighter began the quest for the
                  | Orb.
     0 | D:1      | Reached XP level 1. HP: 14/14 MP: 1/1
   451 | D:1      | Reached XP level 2. HP: 17/19 MP: 2/2
   625 | D:1      | Found Gowo's Jewellery Shoppe.
   956 | D:1      | Reached XP level 3. HP: 20/23 MP: 3/3
  1700 | D:2      | Found a faded altar of an unknown god.
  1707 | D:2      | Reached XP level 4. HP: 29/29 MP: 4/4
  2075 | D:2      | Reached XP level 5. HP: 33/33 MP: 5/5
  2133 | D:2      | Found Molaro's Book Shop.
  2519 | D:3      | Noticed Robin
  2545 | D:3      | Killed Robin
  2715 | D:3      | Noticed Grinder
  2739 | D:3      | Killed Grinder
  2740 | D:3      | Reached skill level 5 in Armour
  2740 | D:3      | Reached skill level 5 in Shields
  2740 | D:3      | Reached XP level 6. HP: 28/38 MP: 6/6
  3622 | D:4      | Noticed Duvessa
  3622 | D:4      | Noticed Dowan
  3796 | D:4      | Killed Duvessa
  3797 | D:4      | Reached XP level 7. HP: 44/44 MP: 7/7
  3801 | D:4      | Killed Dowan
  3814 | D:4      | Identified the +1 leather armour of Unreason {rC+ Int-3
                  | Stlth+}
  4176 | D:4      | Found Heda's Weapon Boutique.
  4382 | D:4      | Identified the +1 robe "Refumu" {Regen+}
  4566 | D:4      | Noticed Blork the orc
  4572 | D:4      | Killed Blork the orc
  4804 | D:5      | Entered Level 5 of the Dungeon
  4910 | D:5      | Found a glowing drain.
  4916 | Sewer    | Entered a sewer
  4945 | Sewer    | Noticed Purgy
  4962 | Sewer    | Killed Purgy
  4963 | Sewer    | Reached XP level 8. HP: 37/48 MP: 8/8
  5231 | D:5      | Found a snail-covered altar of Cheibriados.
  5234 | D:5      | Found a sacrificial altar of Ru.
  5369 | D:5      | Reached skill level 5 in Fighting
  5779 | D:5      | Reached skill level 5 in Long Blades
  6158 | D:6      | Found Ofemeg's Antique Weapon Shoppe.
  6264 | D:6      | Got the Almanac of Harmful Execration
  6362 | D:6      | Found a staircase to the Ecumenical Temple.
  6370 | Temple   | Entered the Ecumenical Temple
  6376 | Temple   | Became a worshipper of Warmaster Okawaru
  6623 | D:6      | Found Goca's Book Shoppe.
  6834 | D:6      | Reached skill level 1 in Invocations
  6973 | D:6      | You fall into a shaft and drop 2 floors!
  6973 | D:8      | Found a basalt altar of Yredelemnul.
  7090 | D:7      | Reached skill level 1 in Evocations
  7090 | D:7      | Reached XP level 9. HP: 49/54 MP: 9/9
  7153 | D:7      | Reached * piety under Okawaru
  8724 | D:7      | Found a burning altar of Makhleb.
  9426 | D:8      | Found Esoengis's Antique Armour Boutique.
  9470 | D:8      | Reached ** piety under Okawaru
 10013 | D:9      | Reached XP level 10. HP: 54/61 MP: 12/12
 10266 | D:9      | Noticed a two-headed ogre
 10279 | D:9      | Killed a two-headed ogre
 10279 | D:9      | Reached *** piety under Okawaru
 10681 | D:8      | Reached **** piety under Okawaru
 10836 | D:9      | Found a staircase to the Orcish Mines.
 11281 | D:9      | Found a staircase to the Lair.
 11510 | D:9      | Noticed Prince Ribbit
 11514 | D:9      | Noticed a two-headed ogre
 11528 | D:9      | Killed a two-headed ogre
 11529 | D:9      | Reached XP level 11. HP: 60/67 MP: 12/14
 11552 | D:9      | Killed Prince Ribbit
 11607 | D:9      | Identified a scroll of acquirement
 11607 | D:9      | Acquired a +1 tower shield of positive energy
 11645 | D:10     | Entered Level 10 of the Dungeon
 12206 | D:10     | Noticed a two-headed ogre
 12217 | D:10     | Killed a two-headed ogre
 12217 | D:10     | Reached ***** piety under Okawaru
 12289 | D:10     | Acquired the amulet "Emuremna" {Regen+ Dex+5}
 12900 | D:11     | Noticed a two-headed ogre
 12911 | D:11     | Killed a two-headed ogre
 12912 | D:11     | Reached skill level 10 in Armour
 12912 | D:11     | Reached skill level 10 in Shields
 12912 | D:11     | Reached skill level 5 in Invocations
 13025 | D:11     | Noticed a lich
 13025 | D:11     | Noticed Thraspic's ghost (journeyman GrEE)
 13036 | D:11     | Noticed an ettin
 13037 | D:11     | Noticed a frost giant
 13038 | D:11     | Noticed a necromancer
 13038 | D:11     | Noticed a skeletal warrior
 13075 | D:11     | Found a runed translucent door.
 13078 | D:11     | Found a runed translucent door.
 13203 | D:11     | Noticed a sun demon
 13274 | D:11     | Noticed a manticore
 13285 | D:11     | Killed a manticore
 13305 | D:11     | Acquired the amulet of the Screaming Pariah {Regen+ rCorr
                  | Str+3 Stlth-}
 13375 | D:11     | Noticed a boulder beetle
 13412 | D:11     | Killed a boulder beetle
 13852 | D:12     | Noticed a deep elf pyromancer
 13866 | D:12     | Killed a deep elf pyromancer
 13920 | Lair:1   | Entered Level 1 of the Lair of Beasts
 13932 | Lair:1   | Noticed a six-headed hydra
 13953 | D:9      | Received a gift from Okawaru
 13954 | D:9      | Reached XP level 12. HP: 31/73 MP: 13/16
 13988 | Orc:1    | Entered Level 1 of the Orcish Mines
 14021 | Orc:1    | Found Afosaumi's Specific Store.
 14036 | Orc:1    | Found Mohohig's General Store.
 14132 | Orc:1    | Noticed an orc warlord
 14187 | Orc:1    | Killed an orc warlord
 14200 | Orc:1    | Reached skill level 5 in Evocations
 14692 | Orc:1    | Paralysed by an orc sorcerer for 2 turns
 14897 | Orc:1    | Gained mutation: You sometimes lose the ability to read
                  | scrolls when taking damage. [a neqoxec]
 14903 | Orc:1    | Paralysed by an orc sorcerer for 7 turns
 14909 | Orc:1    | Slain by a hellwing

Illustrated notes

Levels and vault maps discovered:
D:1:      wander_arrival_estate, layout_basic, serial_shops,
          nicolae_shop_temple_entry_statues_fountains
D:2:      layout_loops_cross, hellmonk_ecumenical_altar_crossroads,
          serial_shops, shop
D:3:      layout_basic, uniq_robin, uniq_grinder
D:4:      layout_layer_cave, serial_shops, kennysheep_mini_moat, uniq_duvessa,
          uniq_blork_the_orc
D:5:      layout_basic, nicolae_overflow_hidden_temple, gup_sewer_entry_bubbles
D:6:      layout_basic, minmay_temple_entry_arrows, serial_shops,
          nicolae_shop_stone, nicolae_shop_crystal, grunt_ministairs_4,
          corexii_item_surrounded_by_moat
D:7:      layout_basic, marbit_many_paths
D:8:      layout_gridville, mainiacjoe_overflow_boulevard, serial_shops,
          nicolae_shop_statue_plus
D:9:      layout_rooms, lair_entry_dummy, minmay_orc_entry_temple_small,
          minivault_22, minmay_fractal_squares_gapless_5, uniq_prince_ribbit1
D:10:     layout_basic
D:11:     layout_gridville, muffindrake_ghost_dual_entry
D:12:     layout_stronghold, serial_bayou_lagoon_a, uniq_jorgrun, uniq_nessos
Temple:   eino_narrow_crystal_temple
Lair:1:   layout_chaotic_city, grunt_forest_large_clearing_hut,
          grunt_megastairs_2, lemuel_fruit_fields, lemuel_fruit_fields
Orc:1:    layout_caves, special_room [special_room_kobold],
          nicolae_specific_store

Skill      XL: |  1  2  3  4  5  6  7  8  9 10 11 12 |
---------------+-------------------------------------+-----
Long Blades    | 2 3 4 5 6 7 8 9 |  9.6
Armour         | 4 5 6 7 8 9 10 11 | 11.5
Shields        | 4 5 6 7 8 9 10 11 | 11.5
Fighting       | 4 5 6 7 8 |  8.7
Invocations    | 1 3 4 5 6 |  6.6
Evocations     | 1 2 3 4 5 |  5.4

Action                   |  1- 3 |  4- 6 |  7- 9 | 10-12 || total
-------------------------+-------+-------+-------+-------++-------
Melee: Long sword        |    94 |   114 |   457 |       ||   665
       Scimitar          |       |       |    15 |  1046 ||  1061
Invok: Heroism           |       |       |     1 |    30 ||    31
       Finesse           |       |       |       |     2 ||     2
  Use: Scroll            |     1 |     8 |    11 |     6 ||    26
       Potion            |       |     4 |       |     8 ||    12
Armor: Scale mail        |    47 |    51 |   109 |       ||   207
       Chain mail        |       |       |   228 |    16 ||   244
       Plate armour      |       |       |       |   638 ||   638
       Skin              |       |       |       |     7 ||     7
Dodge: Dodged            |    37 |    25 |   150 |   240 ||   452
Block: Kite shield       |    55 |    47 |   306 |    88 ||   496
       Tower shield      |       |       |       |   945 ||   945
       Rpst.: Long sword |    15 |     9 |    41 |       ||    65
       Scimitar          |       |       |       |    60 ||    60

Table legend: (Time is in decaauts)
 A = Elapsed time spent in this place.
 B = Non-inter-level travel time spent in this place.
 C = Inter-level travel time spent in this place.
 D = Time resting spent in this place.
 E = Time spent auto-exploring this place.
 F = Levels seen in this place.
 G = Mean time per level.
                   A        B        C        D        E       F      G
               +--------+--------+--------+--------+--------+-----+--------+
         Total |  15273 |  14745 |    528 |    924 |   9566 |  16 |  954.6 |
       Dungeon |  14031 |  13517 |    514 |    924 |   9172 |  12 | 1169.2 |
        Temple |    182 |    169 |     13 |      0 |    152 |   1 |  182.0 |
          Lair |     25 |     25 |      0 |      0 |      5 |   1 |   25.0 |
  Orcish Mines |    715 |    715 |      0 |      0 |    102 |   1 |  715.0 |
         Sewer |    319 |    319 |      0 |      0 |    135 |   1 |  319.0 |
               +--------+--------+--------+--------+--------+-----+--------+

Top non-repeatable levels by time:
     D:8: 1981 daAuts
     D:1: 1497 daAuts
     D:7: 1390 daAuts
     D:3: 1296 daAuts
    D:10: 1295 daAuts
     D:6: 1182 daAuts
     D:4: 1167 daAuts
     D:5: 1151 daAuts
     D:9: 1046 daAuts
     D:2: 972 daAuts
    D:11: 938 daAuts
   Orc:1: 715 daAuts
   Sewer: 319 daAuts
  Temple: 182 daAuts
    D:12: 109 daAuts
